 Dungeon Crawl Stone Soup version 0.18-a0-846-g91b95b1 (webtiles) character file.

5166 tof the Protected (level 10, -3/132 HPs)
             Began as a Minotaur Berserker on Dec 20, 2015.
             Was an Elder of Trog.
             Slain by a skeletal warrior
             ... wielding a +0 short sword
              (11 damage)
             ... on level 9 of the Dungeon.
             The game lasted 00:38:51 (8466 turns).

tof the Protected (Minotaur Berserker)              Turns: 8466, Time: 00:38:52

Health: -3/132     AC: 21    Str: 27    XL:     10   Next: 34%
Magic:  9/9        EV: 15    Int:  4    God:    Trog [****..]
Gold:   467        SH:  0    Dex: 13    Spells: 0 memorised, 9 levels left

rFire  + . .     SeeInvis .     h - +2 dagger (flame)
rCold  . . .     Gourm    .     L - +9 scale mail of Quilu {rF+}
rNeg   . . .     Faith    .     (no shield)
rPois  .         Spirit   .     (helmet restricted)
rElec  .         Dismiss  .     (no cloak)
rCorr  .         Reflect  .     (no gloves)
SustAt .         Harm     .     x - +1 pair of boots
MR     +++..     Rnd*Rage +     (no amulet)
Stlth  ..........               (no ring)
                                (no ring)

@: berserking, regenerating, very quick, extremely resistant to hostile
enchantments, extremely unstealthy
A: retaliatory headbutt, hooves 1, horns 2, berserk 1, blink, magic resistance
1, shaggy fur 1, evolution 1
a: Blink, Berserk, Trog's Hand, Brothers in Arms, Burn Spellbooks, Renounce
Religion


You were on level 9 of the Dungeon.
You worshipped Trog.
Trog was greatly pleased with you.
You were not hungry.

You visited 1 branch of the dungeon, and saw 9 of its levels.

You collected 467 gold pieces.

Inventory:

Hand Weapons
 a - a +0 falchion
 f - a +1 dagger of speed
 h - a +2 dagger of flaming (weapon)
 O - a +1 long sword
Armour
 t - a +0 chain mail
 x - a +1 pair of boots (worn)
 L - the +9 scale mail of Quilu (worn) {rF+}
   (You took it off an orc on level 6 of the Dungeon)

   It protects you from fire.
 M - a cursed -2 leather armour
Wands
 b - a wand of lightning (4/15)
 B - a wand of random effects (22/48)
 F - a wand of magic darts (16/48)
 K - a wand of slowing (36/48)
Scrolls
 g - 6 scrolls of identify
 j - 2 scrolls of noise
 l - 2 scrolls of fear
 o - a scroll of enchant weapon
 p - 2 scrolls of magic mapping {unknown}
 r - 2 scrolls of remove curse
 y - a scroll of amnesia {unknown}
 I - a scroll of enchant armour
Potions
 d - a potion of brilliance
 e - a potion of agility {unknown}
 i - a potion of haste
 k - 2 potions of degeneration
 n - a potion of magic {unknown}
 q - a potion of cancellation {unknown}
 v - a potion of beneficial mutation {unknown}
 w - 4 potions of curing
 z - a potion of flight {unknown}
 A - a potion of lignification {unknown}
 C - a potion of ambrosia {unknown}
 D - a potion of resistance {unknown}
 J - a potion of poison {unknown}
Books
 E - a book of Debilitation

   Spells                             Type                      Level
   a - Corona                         Hexes                        1
   b - Slow                           Hexes                        2
   c - Gell's Gravitas                Hexes/Translocation          3
   d - Inner Flame                    Hexes/Fire                   3
   e - Cause Fear                     Hexes                        4
   f - Leda's Liquefaction            Hexes/Earth                  4
   Trog disapproves of the use of such an item.
Comestibles
 c - 4 bread rations
 m - 4 meat rations
 u - 8 fruits


   Skills:
 + Level 8.0 Fighting
 + Level 7.2(7.7) Short Blades
 + Level 4.4(6.7) Long Blades
 + Level 10.0 Armour
 + Level 9.9 Dodging
 + Level 2.0 Stealth


You had 9 spell levels left.
You didn't know any spells.

Dungeon Overview and Level Annotations

Branches:
Dungeon (9/15)             Temple (0/1) D:4            Lair (0/8) D:8
    Orc: D:9-12

Altars:
Ashenzari
Dithmenos
Gozag
Nemelex Xobeh
Okawaru
Qazlal
Ru
Trog
Vehumet
Xom
Yredelemnul
The Shining One

Shops:
D:6 (


Innate Abilities, Weirdness & Mutations

You reflexively headbutt those who attack you in melee.
You have a pair of horns on your head.
You have large cloven feet.
You tend to lose your temper in combat.
You can translocate small distances at will.
You are resistant to hostile enchantments.
You are covered in fur (AC +1).
You evolve.


Message History

You headbutt the skeletal warrior, but do no damage.
The skeletal warrior is severely damaged.
The skeletal warrior hits you but does no damage.
Your scale mail of Quilu prevents you from hitting the skeletal warrior.
Your headbutt misses the skeletal warrior.
The skeletal warrior is severely damaged.
You hit the skeletal warrior. You burn the skeletal warrior.
Your headbutt misses the skeletal warrior.
The skeletal warrior is severely damaged.
You hit the skeletal warrior but do no damage.
The skeletal warrior is severely damaged.
The skeletal warrior hits you with a short sword!
* * * LOW HITPOINT WARNING * * *
You hit the skeletal warrior but do no damage.
The skeletal warrior is severely damaged.
You hit the skeletal warrior. You burn the skeletal warrior.
The skeletal warrior is almost destroyed.
You feel the effects of Trog's Hand fading.
The skeletal warrior hits you with a short sword!
You die...

#<........
#.#.###.####.###
#.#............
####.#####........
..................
###.##.##..#.....
# #.##.#<..#.....
###..##........#
....
......z@.....#.#
.###
####.#####.###.#
#.# .. #.# .. #.#
#.# .#


You could see a skeletal warrior.

Vanquished Creatures
  A troll (D:8)
  Grinder (D:5)
  Sigmund (D:3)
  Menkaure (D:7)
  2 wolves (D:8)
  An ice beast (D:5)
  2 orc warriors
  4 phantoms
  2 black bears
  2 sky beasts
  5 ogres
  3 centaurs
  A crocodile (D:7)
  8 big kobolds
  Blork the orc (D:5)
  4 giant frogs
  5 scorpions
  4 electric eels (D:8)
  3 crimson imps
  3 orc wizards
  A wasp zombie (D:8)
  10 hounds
  A giant frog zombie (D:5)
  5 orc priests
  A giant frog skeleton (D:4)
  Ijyb (D:3)
  6 iguanas
  2 worker ants
  4 gnolls (D:7)
  14 adders
  A shadow imp (D:6)
  An adder zombie (D:7)
  An adder skeleton (D:8)
  3 worms
  7 giant geckos
  29 orcs
  8 bats
  9 giant cockroaches
  5 goblins (D:1)
  3 hobgoblins
  16 jackals
  16 kobolds
  6 quokkas
  3 giant newts
  15 rats
  3 butterflies (D:4)
225 creatures vanquished.

Vanquished Creatures (collateral kills)
  A quokka (D:7)
1 creature vanquished.

Vanquished Creatures (others)
  A jackal (D:8)
  A giant gecko skeleton (D:7)
2 creatures vanquished.

Grand Total: 228 creatures vanquished

Notes
Turn   | Place    | Note
--------------------------------------------------------------
     0 | D:1      | tof the Minotaur Berserker began the quest for the Orb.
     0 | D:1      | Reached XP level 1. HP: 19/19 MP: 0/0
   158 | D:1      | Reached skill level 4 in Fighting
   168 | D:1      | Reached XP level 2. HP: 25/27 MP: 1/1
   402 | D:1      | Reached ** piety under Trog
   556 | D:1      | Reached XP level 3. HP: 32/34 MP: 2/2
  1009 | D:2      | Reached XP level 4. HP: 41/41 MP: 3/3
  1105 | D:2      | Found an iron altar of Okawaru.
  1211 | D:2      | Found a bloodstained altar of Trog.
  1336 | D:3      | Reached *** piety under Trog
  1358 | D:3      | Reached skill level 5 in Fighting
  1362 | D:3      | Reached XP level 5. HP: 16/48 MP: 4/4
  1688 | D:3      | Noticed Sigmund
  1700 | D:3      | Killed Sigmund
  1700 | D:3      | Reached skill level 1 in Short Blades
  1700 | D:3      | Reached skill level 1 in Stealth
  1700 | D:3      | Reached XP level 6. HP: 33/56 MP: 5/5
  1936 | D:3      | Noticed Ijyb
  1953 | D:3      | Killed Ijyb
  2475 | D:4      | Found a staircase to the Ecumenical Temple.
  2528 | D:4      | Reached skill level 5 in Armour
  2528 | D:4      | Reached skill level 5 in Dodging
  2528 | D:4      | Reached XP level 7. HP: 58/62 MP: 6/6
  2845 | D:5      | Entered Level 5 of the Dungeon
  2946 | D:5      | Reached skill level 6 in Fighting
  3073 | D:5      | Found an opulent altar of Gozag.
  3074 | D:5      | Found a sparkling altar of Nemelex Xobeh.
  3115 | D:5      | Noticed Grinder
  3128 | D:5      | Killed Grinder
  3128 | D:5      | Reached XP level 8. HP: 60/70 MP: 7/7
  3232 | D:5      | Found a shimmering altar of Xom.
  3242 | D:5      | Found a shadowy altar of Dithmenos.
  3250 | D:5      | Found a radiant altar of Vehumet.
  3391 | D:5      | Noticed Blork the orc
  3404 | D:5      | Found a sacrificial altar of Ru.
  3417 | D:5      | Reached skill level 7 in Dodging
  3727 | D:5      | Killed Blork the orc
  3834 | D:5      | Found a basalt altar of Yredelemnul.
  3836 | D:5      | Noticed a profane servitor
  3841 | D:5      | Found a glowing golden altar of the Shining One.
  3843 | D:5      | Noticed an angel
  4245 | D:6      | Found Huoruwk's Weapon Emporium.
  4803 | D:6      | Reached XP level 9. HP: 78/78 MP: 8/8
  4907 | D:6      | Reached skill level 8 in Armour
  4929 | D:6      | Got a scorched scale mail
  4940 | D:6      | Identified the +9 scale mail of Quilu {rF+} (You took it off an orc on level 6 of the Dungeon)
  5093 | D:6      | Gained mutation: You are covered in fur (AC +1). [mutagenic meat]
  5094 | D:6      | Gained mutation: You tend to lose your temper in combat. [mutagenic meat]
  5095 | D:6      | Gained mutation: You have large cloven feet. [mutagenic meat]
  5096 | D:6      | Gained mutation: You often lose your temper in combat. [mutagenic meat]
  5097 | D:6      | Gained mutation: You evolve. [mutagenic meat]
  5098 | D:6      | Lost mutation: You often lose your temper in combat. [mutagenic meat]
  5166 | D:6      | Reached **** piety under Trog
  5220 | D:7      | Reached skill level 5 in Short Blades
  5314 | D:7      | Reached skill level 9 in Armour
  5338 | D:7      | Found a shadowy altar of Dithmenos.
  5338 | D:7      | Noticed Menkaure
  5344 | D:7      | Killed Menkaure
  6008 | D:7      | Found a stormy altar of Qazlal.
  6071 | D:7      | Gained mutation: You can translocate small distances at will. [evolution]
  6688 | D:8      | Received a gift from Trog
  6691 | D:8      | Reached XP level 10. HP: 86/86 MP: 9/9
  6707 | D:8      | Found a staircase to the Lair.
  6847 | D:8      | Gained mutation: You are resistant to hostile enchantments. [evolution]
  8237 | D:8      | Reached skill level 10 in Armour
  8303 | D:8      | Found a shattered altar of Ashenzari.
  8405 | D:9      | Noticed a skeletal warrior
  8466 | D:9      | Slain by a skeletal warrior

Vault maps used:
D:1:      dpeg_arrival_lava_temple_mockup
D:2:      lightli_temple_of_fire, lemuel_coloured_pillars_altar
D:3:      first_bread, uniq_sigmund, uniq_iyjb
D:4:      minmay_temple_entry_butterflies
D:5:      grunt_temple_overflow_holy_war, grunt_temple_overflow_opulence,
          minmay_overflow_temple_star_quad, nicolae_overflow_crystal_walls,
          uniq_blork_the_orc, uniq_grinder
D:6:      kennysheep_big_flooded_room, serial_shops, shop
D:7:      grunt_qazlal_clouds, serial_curves, eino_curves_03, eino_curves_01,
          eino_curves_03, eino_curves_04, nicolae_dithmenos_the_darkroom,
          uniq_menkaure
D:8:      ashenzari_altar_1, erik_lair_island, special_room
D:9:      the_bakery, grunt_pakellas_sulfur, uniq_grum, uniq_prince_ribbit1

Action                   |  1- 3 |  4- 6 |  7- 9 | 10-12 || total
-------------------------+-------+-------+-------+-------++-------
Melee: Dagger            |    82 |   109 |   439 |   273 ||   903
       Falchion          |     2 |       |       |       ||     2
Invok: Trog's Hand       |       |     4 |     9 |     3 ||    16
       Berserk           |       |     1 |     4 |       ||     5
  Use: Scroll            |       |       |    11 |     1 ||    12
       Potion            |       |       |     4 |     1 ||     5
  Eat: Chunk             |       |     7 |    22 |     4 ||    33
       Pizza             |       |       |     1 |     1 ||     2
       Royal jelly       |       |       |       |     1 ||     1
